 Dungeon Crawl Stone Soup version 0.30-a0-1043-g60ff8d5f49 (webtiles) character file.

Game seed: 8857763480010336451

1273 NinjaNoafa the Chiller (level 8, -8/54 HPs)
             Began as a Human Wanderer on Apr 10, 2023.
             Was a Priest of Jiyva.
             Mangled by a wyvern (17 damage)
             ... on level 7 of the Dungeon.
             The game lasted 00:21:35 (5020 turns).

NinjaNoafa the Chiller (Human Wanderer)             Turns: 5020, Time: 00:21:36

Health: -8/54      AC:  6    Str: 14    XL:     8   Next: 83%
Magic:  10/11      EV: 11    Int: 14    God:    Jiyva [***...]
Gold:   277        SH:  0    Dex: 18    Spells: 7/11 levels left

rFire   + . .      SeeInvis .    a - +0 mace
rCold   + + +      Faith    .    (no shield)
rNeg    + . .      Spirit   .    A - +1 leather armour "Wadohexa" {+Blink rF+ rN+ Stlth+}
rPois   +          Reflect  .    (no helmet)
rElec   .          Rampage  .    m - +0 cloak
rCorr   +                        (no gloves)
Will    .....                    (no boots)
Stlth   ++                       (no amulet)
HPRegen 1.41/turn                v - ring of poison resistance
MPRegen 0.47/turn                w - +6 ring of dexterity

@: confused, ambrosia-drunk, hasted, very quick
A: cold resistance 3, shaggy fur 1
a: Renounce Religion, Evoke Blink, Oozemancy


You were on level 7 of the Dungeon.
You worshipped Jiyva.
Jiyva was most pleased with you.
You visited 1 branch of the dungeon, and saw 7 of its levels.
You also visited: Sewer.

You collected 333 gold pieces.
You spent 56 gold pieces at shops.

Inventory:

Hand Weapons
 a - a +0 mace (weapon)
Missiles
 b - 39 poisoned darts
 h - 2 javelins
Armour
 m - a +0 cloak (worn)
 A - the +1 leather armour "Wadohexa" (worn) {+Blink rF+ rN+ Stlth+}
   (You found it on level 7 of the Dungeon)

   rF:        It protects you from fire.
   rN:        It protects you from negative energy.
   +Blink:    It lets you blink.
   Stlth:     It makes you more stealthy.
Jewellery
 v - a ring of poison resistance (left hand)
 w - a +6 ring of dexterity (right hand)
Wands
 q - a wand of paralysis (6)
Scrolls
 c - a scroll of vulnerability {unknown}
 d - a scroll of fear
 j - 2 scrolls of amnesia {unknown}
 l - a scroll of teleportation {unknown}
 r - a scroll of noise {unknown}
 s - a scroll of immolation {unknown}
 y - a scroll of magic mapping {unknown}
 z - a scroll of identify
Potions
 f - 2 potions of haste
 g - a potion of attraction
 i - a potion of berserk rage
 k - a potion of heal wounds
 n - 2 potions of might
 o - a potion of ambrosia
 p - 4 potions of invisibility
 t - a potion of brilliance {unknown}
 u - 2 potions of cancellation {unknown}
 x - a potion of degeneration {unknown}


   Skills:
 - Level 1.0 Fighting
 + Level 6.2 Maces & Flails
 - Level 1.0 Throwing
 - Level 1.0 Dodging
 - Level 1.0 Stealth
 - Level 2.1 Spellcasting
 + Level 4.7 Conjurations
 + Level 6.3 Ice Magic
 - Level 1.0 Evocations


You had 7 spell levels left.
You knew the following spells:

 Your Spells              Type           Power      Damage    Failure   Level
a - Freeze                Ice            76%        1d8       2%          1
b - Hailstorm             Conj/Ice       16%        3d6       10%         3

Your spell library contained the following spells:

 Spells                   Type           Power      Damage    Failure   Level
 Magic Dart               Conj           56%        1d5       4%          1
 Necrotise                Necr           4%         1d4       30%         1
 Call Imp                 Summ           2%         N/A       41%         2
 Poisonous Vapours        Pois/Air       2%         N/A       41%         2
 Mephitic Cloud           Conj/Pois/Air  5%         N/A       43%         3
 Summon Ice Beast         Ice/Summ       10%        N/A       63%         4
 Vampiric Draining        Necr           1%         2d6       65%         3
 Volatile Blastmotes      Fire/Tloc      2%         2d10      65%         3
 Fulminant Prism          Conj/Hex       4%         3d5       75%         4
 Iskenderun's Mystic Bla  Conj/Tloc      8%         2d4       75%         4
 Freezing Cloud           Conj/Ice/Air   5%         6-21      88%         5
 Agony                    Necr           1%         N/A       100%        5
 Lee's Rapid Deconstruct  Erth           0%         3d4*      100%        5


Dungeon Overview and Level Annotations

Branches:
Dungeon (7/15)              Sewer (visited)
 Temple: D:4-7

Altars:
Ashenzari
Fedhas
Hepliaklqana
Wu Jian

Shops:
D:2 *

Annotations:
D:7 1 runed translucent door, a3don's ghost, novice GnIE


Innate Abilities, Weirdness & Mutations

Your flesh is almost immune to the effects of cold. (rC+++)
You are covered in fur. (AC +1)


Message History

Aim: a wyvern (severely wounded)
Okay, then.
Hit: a) +0 mace
Press: ? - help, Dir - move target, f/p - wyvern
Aim: a wyvern (severely wounded, about 35% to evade your +0 mace)
Okay, then.
Aiming: Freeze (safe; 2% risk of failure)
Press: ? - help, Q - select action, (/) - cycle Shift-Dir - straight line, f/p - wyvern
Aim: a wyvern (severely wounded)
You freeze the wyvern.
The wyvern is severely wounded.
The wyvern bites you!
* * * LOW HITPOINT WARNING * * *
Unknown command.
Unknown command.
Aiming: Freeze (safe; 2% risk of failure)
Press: ? - help, Q - select action, (/) - cycle Shift-Dir - straight line, f/p - wyvern
Aim: a wyvern (severely wounded)
You freeze the wyvern.
The wyvern is severely wounded.
The wyvern bites you.
* * * LOW HITPOINT WARNING * * *
The wyvern attacks as you move away!
The wyvern bites you but does no damage.
Aiming: Freeze (safe; 2% risk of failure)
Press: ? - help, Q - select action, (/) - cycle Shift-Dir - straight line, f/p - wyvern
Aim: a wyvern (severely wounded)
You freeze the wyvern.
The wyvern is almost dead.
The wyvern misses you.
Aiming: Freeze (safe; 2% risk of failure)
Press: ? - help, Q - select action, (/) - cycle Shift-Dir - straight line, f/p - wyvern
Aim: a wyvern (almost dead)
You freeze the wyvern.
The wyvern is almost dead.
The wyvern bites you!
* * * LOW HITPOINT WARNING * * *
You are confused.
You feel invigorated. The wyvern bites you!
You die...

.#.####.. .#
.#......# #.#
.#.#..#.####.. #.#
.#.#........ #.#
##.####..### #.# ###
.#.........# #.#...
....#......#####.#.#
.##.#..........l...#
....#......#####@###
#####......# #.....#
#......# #######
########


You could see a wyvern.

Vanquished Creatures
  Eustachio (D:4)
  2 steam dragons (D:7)
  A black bear (D:4)
  A centaur (D:7)
  A phantom (D:5)
  2 kobold brigands (D:7)
  A bullfrog (D:6)
  A scorpion (D:4)
  2 hounds
  2 iguanas (D:4)
  An orc wizard (D:7)
  4 gnolls (D:5)
  A river rat (Sewer)
  8 adders
  A white imp (D:5)
  7 worms
  2 dart slugs (D:2)
  3 orcs
  7 endoplasms
  5 giant cockroaches
  6 goblins
  9 hobgoblins
  3 jackals (D:1)
  21 kobolds
  A quokka (D:2)
  9 ball pythons
  11 bats
  6 frilled lizards
  10 rats
129 creatures vanquished.

Vanquished Creatures (others)
  A scorpion (D:5)
  A hound (D:5)
  A jelly (D:4)
  A gnoll (D:3)
  An adder (D:4)
  A shadow imp (D:5)
  A white imp (D:5)
  A worm (Sewer)
  A dart slug (D:3)
  2 endoplasms
  3 goblins
  A hobgoblin (D:4)
  A kobold (D:3)
  A ball python (D:3)
  A frilled lizard (D:3)
  A rat (D:3)
  A bush (D:7)
20 creatures vanquished.

Grand Total: 149 creatures vanquished

Notes
Turn   | Place    | Note
-------+----------+-------------------------------------------
     0 | D:1      | NinjaNoafa the Human Wanderer began the quest for the Orb.
     0 | D:1      | NinjaNoafa set off with the following items: a +0 mace, 14
                  | poisoned darts, a +0 dagger, a scroll of fear, a +0 leather
                  | armour; and the following spell memorised: Freeze; and the
                  | following spells available to memorise: Hailstorm, Summon
                  | Ice Beast.
     0 | D:1      | Reached XP level 1. HP: 15/15 MP: 2/2
    26 | D:1      | Found a faded altar of an unknown god.
   148 | D:1      | Reached XP level 2. HP: 14/21 MP: 2/4
   440 | D:1      | Reached XP level 3. HP: 25/26 MP: 5/5
   970 | D:2      | Reached XP level 4. HP: 32/32 MP: 2/7
  1259 | D:2      | Found Xutwojah's General Store.
  1281 | D:2      | Bought a scroll of identify for 28 gold pieces
  1281 | D:2      | Bought a scroll of identify for 28 gold pieces
  1671 | D:2      | Found an ornate altar of the Wu Jian Council.
  1856 | D:3      | Found a glowing drain.
  1867 | Sewer    | Entered a sewer
  2097 | Sewer    | Reached XP level 5. HP: 10/37 MP: 1/8
  2190 | Sewer    | Found a viscous altar of Jiyva.
  2256 | Sewer    | Became a worshipper of Jiyva Jutub the Shapeless
  3029 | D:4      | Noticed a black bear
  3161 | D:4      | Reached * piety under Jiyva
  3262 | D:4      | Noticed Eustachio
  3276 | D:4      | Killed Eustachio
  3277 | D:4      | Reached skill level 1 in Conjurations
  3277 | D:4      | Reached XP level 6. HP: 40/43 MP: 3/9
  3459 | D:4      | Reached XP level 7. HP: 47/48 MP: 6/10
  3783 | D:5      | Entered Level 5 of the Dungeon
  3788 | D:5      | Learned a level 3 spell: Hailstorm
  3916 | D:5      | Found a hazy altar of Hepliaklqana.
  3919 | D:5      | Reached ** piety under Jiyva
  3951 | D:5      | Reached skill level 5 in Ice Magic
  4179 | D:5      | Reached skill level 5 in Maces & Flails
  4569 | D:6      | Reached XP level 8. HP: 54/54 MP: 8/11
  4621 | D:6      | Reached *** piety under Jiyva
  4638 | D:7      | Gained mutation: Your flesh is cold resistant. (rC+)
                  | [Jiyva's grace]
  4638 | D:7      | Gained mutation: Your flesh is very cold resistant. (rC++)
                  | [Jiyva's grace]
  4638 | D:7      | Gained mutation: Your flesh is almost immune to the effects
                  | of cold. (rC+++) [Jiyva's grace]
  4638 | D:7      | Gained mutation: You are covered in fur. (AC +1) [Jiyva's
                  | grace]
  4663 | D:7      | Identified the +1 leather armour "Wadohexa" {+Blink rF+ rN+
                  | Stlth+}
  4684 | D:7      | Found a blossoming altar of Fedhas.
  4707 | D:7      | Found a broken altar of Ashenzari.
  4927 | D:7      | Found a runed translucent door.
  4929 | D:7      | Noticed a3don's ghost (novice GnIE)
  4997 | D:7      | Noticed a wyvern
  5020 | D:7      | Mangled by a wyvern

Illustrated notes

Levels and vault maps discovered:
D:1:      giann_bridges, layout_loops_cross,
          hellmonk_ecumenical_altar_crossroads
D:2:      layout_basic, serial_shops, nicolae_shop_window_shopping, basic_altar,
          minmay_misc_feat_five, grunt_decor_one_mirror, fountainhead
D:3:      minmay_octagon_keep, layout_basic, cheibrodos_sewer_entry_sluice,
          kennysheep_cross_bottleneck
D:4:      layout_loops_cross, roderic_roman_lattice, uniq_eustachio
D:5:      layout_loops_ring, lemuel_doored_altar, kennysheep_generic_room_12
D:6:      layout_cave_pools, zin_scriptorium, minmay_temple_entry_trees
D:7:      layout_basic, lemuel_blue_sif_altar, fedhas_bush_and_centaur_altar,
          ashenzari_conservatory_becter, ebering_ghost_reflecting_pool,
          enter_bailey_5

Skill      XL: |  1  2  3  4  5  6  7  8 |
---------------+-------------------------+-----
Spellcasting   | 2 |  2.1
Ice Magic      | 3 4 5 6 |  6.3
Maces & Flails | 3 4 5 6 |  6.2
Conjurations   | 1 2 3 4 |  4.7
Fighting       | |  1.0
Throwing       | |  1.0
Dodging        | |  1.0
Stealth        | |  1.0
Evocations     | |  1.0

Action                     |  1- 3 |  4- 6 |  7- 9 || total
---------------------------+-------+-------+-------++-------
  Melee: Mace              |    56 |    76 |    86 ||   218
         Punch             |       |     1 |     3 ||     4
   Cast: Freeze            |    38 |   118 |    67 ||   223
         Hailstorm         |       |       |    15 ||    15
    Use: Scroll            |       |     3 |     3 ||     6
         Potion            |       |       |     4 ||     4
 Armour: Leather armour    |    44 |    72 |    57 ||   173
  Dodge: Dodged            |    89 |   156 |    87 ||   332

Table legend: (Time is in decaauts)
 A = Elapsed time spent in this place.
 B = Non-inter-level travel time spent in this place.
 C = Inter-level travel time spent in this place.
 D = Time resting spent in this place.
 E = Time spent auto-exploring this place.
 F = Levels seen in this place.
 G = Mean time per level.
                   A        B        C        D        E       F      G
               +--------+--------+--------+--------+--------+-----+--------+
         Total |   5074 |   4705 |    369 |    239 |   2977 |   8 |  634.2 |
       Dungeon |   4587 |   4218 |    369 |     69 |   2870 |   7 |  655.3 |
         Sewer |    486 |    486 |      0 |    170 |    107 |   1 |  486.0 |
               +--------+--------+--------+--------+--------+-----+--------+

Top non-repeatable levels by time:
     D:2: 967 daAuts
     D:1: 879 daAuts
     D:4: 780 daAuts
     D:3: 762 daAuts
     D:5: 733 daAuts
   Sewer: 486 daAuts
     D:7: 362 daAuts
     D:6: 101 daAuts
